 Dungeon Crawl Stone Soup version 0.26-a0-651-gb41185065b (webtiles) character file.

Game seed: 6639782028902844059

301 esteth the Magician (level 6, -2/44 HPs)
             Began as a Gnoll Hedge Wizard on Oct 20, 2020.
             Slain by a phantom (8 damage)
             ... on level 4 of the Dungeon on Nov 15, 2020.
             The game lasted 00:11:29 (4051 turns).

esteth the Magician (Gnoll Hedge Wizard)            Turns: 4051, Time: 00:11:30

Health: -2/44      AC:  2    Str: 12      XL:     6   Next: 37%
Magic:  6/16       EV: 15    Int: 18 (20) God:
Gold:   192        SH:  0    Dex: 14 (15) Spells: 8/19 levels left

rFire    . . .     SeeInvis .   g - +0 whip (drain)
rCold    . . .     Faith    .   (no shield)
rNeg     . . .     Spirit   .   b - +0 robe
rPois    .         Reflect  .   c - +0 hat
rElec    .         Harm     .   (no cloak)
rCorr    .         Rampage  .   (no gloves)
MR       .....                  (no boots)
Stlth    +++.......             (no amulet)
HPRegen  0.14/turn              (no ring)
MPRegen  0.15/turn              (no ring)

@: no status effects
A: distributed training, fangs 1, clever 1, sturdy frame 1, strong nose
a: no special abilities


You were on level 4 of the Dungeon.
You visited 1 branch of the dungeon, and saw 4 of its levels.

You collected 192 gold pieces.

Inventory:

Hand Weapons
 a - a +0 dagger
 g - a +0 whip of draining (weapon)
Missiles
 d - 4 boomerangs (quivered)
Armour
 b - a +0 robe (worn)
 c - a +0 hat (worn)
 e - a +0 pair of boots
Jewellery
 p - an uncursed amulet of faith {unknown}
Scrolls
 f - 7 scrolls of identify {unknown}
 j - 2 scrolls of teleportation {unknown}
 k - 3 scrolls of remove curse {unknown}
 n - a scroll of fear {unknown}
 q - a scroll of immolation {unknown}
 s - a scroll of enchant weapon {unknown}
Potions
 h - a potion of degeneration
 i - a potion of brilliance
 l - a potion of curing {unknown}
 m - a potion of mutation
 o - a potion of magic {unknown}
 r - a potion of flight {unknown}


   Skills:
 + Level 1.9 Fighting
 + Level 1.9 Short Blades
 + Level 1.9 Long Blades
 + Level 1.9 Axes
 + Level 1.9 Maces & Flails
 + Level 1.9 Polearms
 + Level 1.9 Staves
 + Level 1.9 Slings
 + Level 1.9 Bows
 + Level 1.9 Crossbows
 + Level 1.9 Throwing
 + Level 1.9 Armour
 + Level 5.0 Dodging
 + Level 4.6 Stealth
 + Level 1.9 Shields
 + Level 1.9 Unarmed Combat
 + Level 7.4 Spellcasting
 + Level 2.6 Conjurations
 + Level 1.5 Hexes
 + Level 2.6 Summonings
 + Level 1.5 Necromancy
 + Level 2.6 Translocations
 + Level 1.5 Transmutations
 + Level 1.5 Fire Magic
 + Level 1.5 Ice Magic
 + Level 1.5 Air Magic
 + Level 1.5 Earth Magic
 + Level 1.5 Poison Magic
 + Level 2.1 Invocations
 + Level 1.9 Evocations


You had 8 spell levels left.
You knew the following spells:

 Your Spells              Type           Power        Failure   Level
a - Magic Dart            Conj           ###.         3%          1
b - Blink                 Tloc           N/A          5%          2
c - Call Imp              Summ           ###.....     5%          2
d - Conjure Flame         Conj/Fire      ##......     13%         3
e - Mephitic Cloud        Conj/Pois/Air  ##......     14%         3

Your spell library contained the following spells:

 Spells                   Type           Power        Failure   Level
 Slow                     Hex            ##......     9%          2


Dungeon Overview and Level Annotations

Branches:
Dungeon (4/15)
 Temple: D:4-7

Altars:
Nemelex Xobeh

Annotations:
D:3 1 runed translucent door, Crazy Yiuf


Innate Abilities, Weirdness & Mutations

Your experience applies equally to all skills.
You have very sharp teeth.
Your uncanny sense of smell can sniff out nearby items.
Your mind is acute. (Int +2)
Your movements are slightly less encumbered by armour. (ER -2)


Message History

Your crimson imp blinks!
Your crimson imp disappears in a puff of smoke!
The phantom blinks!
You see here a gnoll corpse.
There is an open door here.
The phantom blinks!
Casting: Call Imp (safe; 5% risk of failure)
Confirm with . or Enter, or press ? or * to list all spells.
A shadowy apparition takes form in the air.
The phantom hits you!
* * * LOW HITPOINT WARNING * * *
Casting: Call Imp (safe; 5% risk of failure)
Confirm with . or Enter, or press ? or * to list all spells.
A beastly little devil appears in a puff of flame.
The phantom barely misses you.
Casting: Call Imp (safe; 5% risk of failure)
Confirm with . or Enter, or press ? or * to list all spells.
A beastly little devil appears in a puff of flame.
The phantom hits you!
You die...

#.# #.# ##.##### #......#
#..###.# ##########..###.#
#...............#
#.##...##...W#..#
#.##...##5.@....########
####.##...##.55.#.........#
#....##...##.#.##########.#
#.#..##...##.#.# ##.##
#....###.###.#.# ##.#.###
###.#.# #.# #.#'## #.###..#
#.....# #.# #....##
##.#.#.# #.###.# ∆ #.....##
##.##.# #.#
#.#######..†...## ##.###.#


You could see a phantom, 2 friendly crimson imps and a friendly shadow imp
(summoned).

Vanquished Creatures
  A howler monkey (D:4)
  A hound (D:4)
  An orc wizard (D:3)
  2 worker ants
  Robin (D:3)
  4 gnolls (D:4)
  3 adders
  An ooze (D:3)
  2 dart slugs (D:1)
  3 leopard geckos
  3 orcs (D:3)
  A giant cockroach (D:2)
  18 goblins
  4 hobgoblins (D:3)
  7 kobolds
  A quokka (D:2)
  3 bats
  5 frilled lizards
  5 rats
66 creatures vanquished.

Vanquished Creatures (collateral kills)
  Terence (D:2)
  An adder (D:2)
2 creatures vanquished.

Grand Total: 68 creatures vanquished

Notes
Turn   | Place    | Note
-------+----------+-------------------------------------------
     0 | D:1      | esteth the Gnoll Hedge Wizard began the quest for the Orb.
     0 | D:1      | Reached XP level 1. HP: 13/13 MP: 8/8
   278 | D:1      | Reached XP level 2. HP: 19/19 MP: 6/10
   928 | D:2      | Reached XP level 3. HP: 25/25 MP: 7/11
   932 | D:2      | Learned a level 2 spell: Blink
   935 | D:2      | Learned a level 2 spell: Call Imp
   939 | D:2      | Learned a level 3 spell: Conjure Flame
   943 | D:2      | Learned a level 3 spell: Mephitic Cloud
  1153 | D:2      | Noticed Terence
  1195 | D:2      | Killed Terence
  1195 | D:2      | Reached skill level 1 in Invocations
  1202 | D:2      | Reached skill level 1 in Fighting
  1202 | D:2      | Reached skill level 1 in Short Blades
  1202 | D:2      | Reached skill level 1 in Long Blades
  1202 | D:2      | Reached skill level 1 in Axes
  1202 | D:2      | Reached skill level 1 in Maces & Flails
  1202 | D:2      | Reached skill level 1 in Polearms
  1202 | D:2      | Reached skill level 1 in Staves
  1202 | D:2      | Reached skill level 1 in Slings
  1202 | D:2      | Reached skill level 1 in Bows
  1202 | D:2      | Reached skill level 1 in Crossbows
  1202 | D:2      | Reached skill level 1 in Throwing
  1202 | D:2      | Reached skill level 1 in Armour
  1202 | D:2      | Reached skill level 1 in Shields
  1202 | D:2      | Reached skill level 1 in Unarmed Combat
  1202 | D:2      | Reached skill level 1 in Evocations
  1606 | D:2      | Reached XP level 4. HP: 32/32 MP: 7/13
  1921 | D:2      | Found a sparkling altar of Nemelex Xobeh.
  1921 | D:2      | Found a transporter.
  1946 | D:2      | Reached skill level 1 in Hexes
  1946 | D:2      | Reached skill level 1 in Necromancy
  1946 | D:2      | Reached skill level 1 in Transmutations
  1946 | D:2      | Reached skill level 1 in Fire Magic
  1946 | D:2      | Reached skill level 1 in Ice Magic
  1946 | D:2      | Reached skill level 1 in Air Magic
  1946 | D:2      | Reached skill level 1 in Earth Magic
  1946 | D:2      | Reached skill level 1 in Poison Magic
  2669 | D:3      | Reached XP level 5. HP: 37/37 MP: 8/14
  2796 | D:3      | Noticed Robin
  2850 | D:3      | Killed Robin
  3233 | D:3      | Found a runed translucent door.
  3234 | D:3      | Noticed Crazy Yiuf
  3719 | D:4      | Reached XP level 6. HP: 44/44 MP: 9/16
  3929 | D:4      | Noticed a phantom
  3945 | D:4      | Reached skill level 5 in Dodging
  3975 | D:4      | Gained mutation: Your mind is acute. (Int +2) [potion of
                  | mutation]
  3975 | D:4      | Gained mutation: Your movements are slightly less
                  | encumbered by armour. (ER -2) [potion of mutation]
  4051 | D:4      | Slain by a phantom

Illustrated notes

Levels and vault maps discovered:
D:1:      lightli_arrival_boilingwater, layout_rooms, minmay_door_square,
          minmay_misc_feat_four_crosses
D:2:      layout_loops_ring, grunt_nemelex_the_gamble, uniq_terence
D:3:      layout_basic, uniq_robin, uniq_crazy_yiuf_cottage
D:4:      minmay_thinvault, layout_loops_corners, glass_columns_b,
          chequers_jeans, grunt_ministairs_7

Skill      XL: |  1  2  3  4  5  6 |
---------------+-------------------+-----
Conjurations   | 2 |  2.6
Summonings     | 2 |  2.6
Translocations | 2 |  2.6
Invocations    | 1 2 |  2.1
Fighting       | 1 |  1.9
Short Blades   | 1 |  1.9
Long Blades    | 1 |  1.9
Axes           | 1 |  1.9
Maces & Flails | 1 |  1.9
Polearms       | 1 |  1.9
Staves         | 1 |  1.9
Slings         | 1 |  1.9
Bows           | 1 |  1.9
Crossbows      | 1 |  1.9
Throwing       | 1 |  1.9
Armour         | 1 |  1.9
Shields        | 1 |  1.9
Unarmed Combat | 1 |  1.9
Evocations     | 1 |  1.9
Hexes          | 1 |  1.5
Necromancy     | 1 |  1.5
Transmutations | 1 |  1.5
Fire Magic     | 1 |  1.5
Ice Magic      | 1 |  1.5
Air Magic      | 1 |  1.5
Earth Magic    | 1 |  1.5
Poison Magic   | 1 |  1.5
Dodging        | 5 |  5.0
Stealth        | |  4.6
Spellcasting   | |  7.4

Action                   |  1- 3 |  4- 6 || total
-------------------------+-------+-------++-------
Melee: Whip              |     8 |    82 ||    90
       Bite              |     2 |     4 ||     6
       Punch             |       |     2 ||     2
Throw: Boomerang         |     2 |       ||     2
 Cast: Magic Dart        |    53 |    53 ||   106
       Call Imp          |     2 |     6 ||     8
       Mephitic Cloud    |     1 |     6 ||     7
       Conjure Flame     |     1 |     2 ||     3
       Blink             |       |     1 ||     1
  Use: Potion            |       |     6 ||     6
 Stab: Confused          |       |     3 ||     3
Armor: Robe              |     1 |    12 ||    13
Dodge: Dodged            |    15 |    86 ||   101

Table legend: (Time is in decaauts)
 A = Elapsed time spent in this place.
 B = Non-inter-level travel time spent in this place.
 C = Inter-level travel time spent in this place.
 D = Time resting spent in this place.
 E = Time spent auto-exploring this place.
 F = Levels seen in this place.
 G = Mean time per level.
                   A        B        C        D        E       F      G
               +--------+--------+--------+--------+--------+-----+--------+
         Total |   4065 |   3984 |     81 |   1483 |   1948 |   4 | 1016.2 |
       Dungeon |   4065 |   3984 |     81 |   1483 |   1948 |   4 | 1016.2 |
               +--------+--------+--------+--------+--------+-----+--------+

Top non-repeatable levels by time:
     D:3: 1519 daAuts
     D:2: 1411 daAuts
     D:1: 785 daAuts
     D:4: 348 daAuts
